 Dungeon Crawl Stone Soup version 0.24-a0-769-g368c1644f8 (webtiles) character file.

Game seed: 1371625343123810489, levelgen mode: deterministic

51899 Johnny the Earth Mage (level 13, -8/160 HPs)
             Began as a Demigod Earth Elementalist on Oct 6, 2019.
             Mangled by a deep troll earth mage (13 damage)
             ... on level 14 of the Dungeon.
             The game lasted 00:37:26 (19479 turns).

Johnny the Earth Mage (Demigod Earth Elementalist) Turns: 19479, Time: 00:37:27

Health: -8/160     AC: 10    Str: 18    XL:     13   Next: 91%
Magic:  5/32       EV: 17    Int: 30    God:
Gold:   802        SH:  0    Dex: 16    Spells: 20/33 levels left

rFire    + . .     SeeInvis +   s - +1 long sword "Earthworm" {venom, rF+}
rCold    . . .     Gourm    .   (no shield)
rNeg     + . .     Faith    .   A - +1 troll leather armour
rPois    +         Spirit   .   M - +0 helmet
rElec    .         Reflect  .   (no cloak)
rCorr    .         Harm     .   L - +0 pair of gloves
MR       +....                  n - +2 pair of boots
Stlth    ..........             (no amulet)
HPRegen  0.76/turn              x - ring of see invisible
MPRegen  0.23/turn              y - ring "Itofum" {rPois rN+ Int+3}

@: berserking, hasted, drained, very quick
A: high mp 1, strong 1, subdued magic 1
a: no special abilities


You were on level 14 of the Dungeon.
You were not hungry.

You visited 1 branch of the dungeon, and saw 15 of its levels.
You also visited: Sewer, Ossuary and Bailey.

You collected 1190 gold pieces.
You spent 388 gold pieces at shops.

Inventory:

Hand Weapons
 p - a +7 dagger of venom
 s - the +1 long sword "Earthworm" (weapon) {venom, rF+}
   (You found it on level 12 of the Dungeon)

   It poisons the flesh of those it strikes.
   It protects you from fire.
 V - the +7 hunting sling "Pilot" {flame, rPois Dex+5}
   (You found it on level 15 of the Dungeon)

   It causes projectiles fired from it to burn those they strike, causing extra
   injury to most foes and up to half again as much damage against particularly
   susceptible opponents.
   It affects your dexterity (+5).
   It protects you from poison.
Missiles
 b - 275 stones (quivered)
Armour
 n - a +2 pair of boots (worn)
 A - a +1 troll leather armour (worn)
 L - a +0 pair of gloves (worn)
 M - a +0 helmet (worn)
 P - +0 acid dragon scales
Jewellery
 h - an uncursed ring of fire
 v - an uncursed ring of flight
 x - a ring of see invisible (left hand)
 y - the ring "Itofum" (right hand) {rPois rN+ Int+3}
   (You found it on level 6 of the Dungeon)

   [ring of intelligence]

   It affects your intelligence (+3).
   It protects you from poison.
   It protects you from negative energy.
 K - an uncursed ring of ice
Wands
 c - a wand of enslavement (11)
 q - a wand of paralysis (4)
 H - a wand of polymorph (11)
 O - a wand of digging (4)
 R - a wand of random effects (9)
Scrolls
 g - 2 scrolls of amnesia
 i - 8 scrolls of fear
 k - 2 scrolls of acquirement
 m - a scroll of fog
 o - 4 scrolls of immolation
 r - 2 scrolls of blinking
 t - 7 scrolls of teleportation
 z - a scroll of noise
 B - a scroll of holy word
 F - 3 scrolls of remove curse
 S - a scroll of magic mapping
 T - a scroll of brand weapon
 U - a scroll of vulnerability
 W - a scroll of torment {unknown}
 X - a scroll of enchant weapon
Potions
 a - 6 potions of curing
 f - 6 potions of haste
 l - a potion of magic
 u - a potion of cancellation {unknown}
 w - 5 potions of agility
 C - 5 potions of might
 D - 2 potions of flight
 E - 2 potions of degeneration
 G - 4 potions of brilliance
 I - a potion of ambrosia
 J - a potion of invisibility
 Q - a potion of mutation
Miscellaneous
 e - a sack of spiders
Comestibles
 d - 17 rations


   Skills:
 - Level 7.8(6.9) Fighting
 + Level 8.9(7.9) Dodging
 - Level 1.7(0.9) Stealth
 + Level 10.8(9.8) Spellcasting
 - Level 0.8(0.0) Transmutations
 * Level 15.8(14.6) Earth Magic


You had 20 spell levels left.
You knew the following spells:

 Your Spells              Type           Power        Failure   Level  Hunger
a - Sandblast             Erth           ######       0%          1    None
b - Stone Arrow           Conj/Erth      #####.       1%          3    None
c - Lee's Rapid Deconstr  Erth           ######....   1%          5    ###....
d - Petrify               Tmut/Erth      #####...     1%          4    None

Your spell library contained the following spells:

 Spells                   Type           Power        Failure   Level  Hunger
 Passwall                 Tmut/Erth      #####...     1%          2    None
 Animate Skeleton         Necr           N/A          3%          1    None
 Apportation              Tloc           ##....       3%          1    None
 Confusing Touch          Hex            ##....       3%          1    None
 Corona                   Hex            ##.....      3%          1    None
 Summon Small Mammal      Summ           ##..         3%          1    None
 Ensorcelled Hibernation  Hex/Ice        ##....       4%          2    None
 Confuse                  Hex            ##......     11%         3    None
 Dazzling Spray           Conj/Hex       ##....       11%         3    None
 Tukima's Dance           Hex            ##......     11%         3    None


Dungeon Overview and Level Annotations

Branches:
Dungeon (15/15)            Temple (0/1) D:6            Lair (0/6) D:8
    Orc (0/2) D:11         Vaults (0/5) D:13         Depths (0/5) D:15
  Sewer (visited)         Ossuary (visited)          Bailey (visited)

Shops:
D:7 (   D:13 ?

Portals:
Trove: D:12 (give +3 storm dragon scales)


Innate Abilities, Weirdness & Mutations

You have an increased reservoir of magic. (+10% MP)
Your muscles are strong. (Str +2)
Your spells are a little easier to cast, but a little less powerful.


Message History

The deep troll earth mage claws you. x2
You feel yourself speed up. The deep troll earth mage bites you!
* * * LOW HITPOINT WARNING * * *
The deep troll earth mage misses you. The deep troll earth mage claws you!
* * * LOW HITPOINT WARNING * * *
Unknown command.
You feel better.
Unknown command.
A red film seems to cover your vision as you go berserk!
You feel yourself moving faster!
You feel mighty!
The deep troll earth mage gestures at you while chanting.
The wall shatters!
The blast of rock fragments hits you!!
* * * LOW HITPOINT WARNING * * *
Unknown command.
You hit the deep troll earth mage but do no damage.
The deep troll earth mage looks as sick as possible!
The deep troll earth mage is severely wounded.
The deep troll earth mage closely misses you.
The deep troll earth mage misses you. The deep troll earth mage claws you!
You die...

PPP.PP)PPP.....#### ###########
...P)P.P.P####....#####..........
.P.P.P.P.P## #....|.....#########
...P.P..T..# #....##########
..P..P.PP..###(............#
.........P.<..(#.#########.#
.P.P...PPP####o#.# #.#
...P.P...P## #T.# #.#
..P....P.P.## #@##### #.#
.....P...P..####.....# ##.#
.P.PP.PPPP.....###.#.# #..#
.P.......P..##.# #..# #.##
PP..PP.PPP.###.# #.# #.#
....##.##.## #.# ##.####.#######
######.((.# #.# #.............#
####.# #.# #..####.#####.# ##.##
#<# #..## #.# ##.#


You could see an orc knight and a deep troll earth mage.

Vanquished Creatures
  Azrael (D:13)
  Nessos (D:13)
  An ettin (D:14)
  Snorg (D:13)
  A rakshasa (D:15)
  5 centaur warriors
  6 hydras
  8 two-headed ogres
  A dancing weapon (D:14)
  Urug (D:13)
  Sonja (D:12)
  An unseen horror (shapeshifter) (D:13)
  A phantasmal warrior (D:12)
  A glowing orange brain (D:15)
  A komodo dragon (D:15)
  4 unseen horrors
  A flayed ghost (D:14)
  3 orc knights (Bailey)
  A deep elf mage (D:15)
  Pikel (D:4)
  2 necromancers (D:13)
  4 cyclopes
  9 ugly things
  A manticore (D:13)
  A gargoyle (D:14)
  A guardian serpent (shapeshifter) (D:15)
  5 centaur skeletons
  3 kobold demonologists
  A jumping spider (shapeshifter) (D:15)
  6 trolls
  A merfolk (D:13)
  A polar bear (shapeshifter) (D:12)
  A hornet (D:11)
  3 hippogriffs
  8 slime creatures
  A redback (shapeshifter) (D:15)
  A shadow (D:11)
  A vampire (D:13)
  A wraith (D:15)
  Sigmund (D:2)
  A water elemental (D:13)
  3 wyverns
  A basilisk (D:12)
  2 hungry ghosts
  4 fire elementals (D:13)
  3 vampire mosquitoes (D:12)
  An acid dragon (D:13)
  4 hell hounds (D:13)
  12 orc warriors
  3 sky beasts
  7 ice beasts
  6 phantoms
  4 black bears
  An eye of draining (D:13)
  A boggart (shapeshifter) (D:15)
  A boggart (D:14)
  6 ogres
  9 centaurs
  3 big kobolds
  A gnoll sergeant (D:6)
  A wyvern zombie (D:10)
  9 bullfrogs
  A wyvern skeleton (D:6)
  3 scorpions
  5 wights (D:10)
  7 killer bees
  13 electric eels
  2 howler monkeys
  6 crimson imps
  3 bullfrog zombies
  A quasit (D:7)
  4 bullfrog skeletons
  4 hounds
  7 orc priests
  5 jellies
  3 iguanas
  9 orc wizards
  13 worker ants
  A killer bee zombie (D:7)
  6 hound zombies
  4 mummies (Ossuary)
  2 hound skeletons
  12 gnolls
  5 adders
  2 river rats
  10 shadow imps
  An ooze (D:3)
  3 adder skeletons
  An adder zombie (D:9)
  7 worms
  2 dart slugs (D:1)
  6 leopard geckos
  74 orcs
  4 ball pythons
  6 bats
  6 giant cockroaches
  A gnoll zombie (Ossuary)
  17 goblins
  11 hobgoblins
  9 jackals
  15 kobolds
  A quokka (D:5)
  6 frilled lizards
  2 goblin zombies (Ossuary)
  A jackal zombie (Ossuary)
  A kobold zombie (Ossuary)
  2 leopard gecko skeletons
  A leopard gecko zombie (D:8)
  2 orc zombies (Ossuary)
  13 rats
  A rat zombie (Ossuary)
497 creatures vanquished.

Vanquished Creatures (collateral kills)
  Jorgrun (D:15)
  A centaur zombie (D:15)
2 creatures vanquished.

Vanquished Creatures (others)
  A goblin (Bailey)
  21 bushes (D:14)
22 creatures vanquished.

Grand Total: 521 creatures vanquished

Notes
Turn   | Place    | Note
-------+----------+-------------------------------------------
     0 | D:1      | Johnny the Demigod Earth Elementalist began the quest for
                  | the Orb.
     0 | D:1      | Reached XP level 1. HP: 14/14 MP: 5/5
   493 | D:1      | Reached skill level 3 in Earth Magic
   548 | D:1      | Reached XP level 2. HP: 14/22 MP: 7/7
  1065 | D:2      | Noticed Sigmund
  1147 | D:2      | Reached skill level 1 in Fighting
  1147 | D:2      | Reached XP level 3. HP: 19/28 MP: 1/8
  1617 | D:2      | Killed Sigmund
  1617 | D:2      | Reached skill level 4 in Earth Magic
  1617 | D:2      | Reached XP level 4. HP: 33/36 MP: 6/11
  1617 | D:2      | Reached XP level 5. HP: 37/41 MP: 6/12
  2979 | D:3      | Found an iron altar of Okawaru.
  3268 | D:3      | Reached XP level 6. HP: 46/50 MP: 13/13
  3358 | D:4      | Reached skill level 5 in Earth Magic
  3666 | D:4      | Noticed Pikel
  3699 | D:4      | Killed Pikel
  3699 | D:4      | Reached skill level 6 in Earth Magic
  3699 | D:4      | Reached XP level 7. HP: 19/58 MP: 13/16
  4172 | D:4      | Found a white marble altar of Elyvilon.
  4243 | D:5      | Entered Level 5 of the Dungeon
  4332 | D:5      | Found a sand-covered staircase.
  4487 | D:5      | Found an ancient bone altar of Kikubaaqudgha.
  4488 | D:5      | Found a sacrificial altar of Ru.
  4488 | D:5      | Found an ornate altar of the Wu Jian Council.
  4490 | D:5      | Found a stormy altar of Qazlal.
  4493 | D:5      | Found a hazy altar of Hepliaklqana.
  4615 | D:5      | Reached skill level 7 in Earth Magic
  4615 | D:5      | Reached XP level 8. HP: 50/66 MP: 13/18
  4692 | Ossuary  | Entered an ossuary
  4896 | D:5      | Found a glowing drain.
  4913 | Sewer    | Entered a sewer
  5041 | Sewer    | Found a glowing silver altar of Zin.
  5130 | D:5      | Learned a level 3 spell: Stone Arrow
  5136 | D:5      | Learned a level 5 spell: Lee's Rapid Deconstruction
  5141 | D:5      | Learned a level 4 spell: Petrify
  5312 | D:6      | Reached skill level 5 in Spellcasting
  5354 | D:6      | Reached skill level 5 in Fighting
  5354 | D:6      | Reached skill level 8 in Earth Magic
  5499 | D:6      | Got a crude platinum ring
  5500 | D:6      | Identified the ring "Itofum" {rPois rN+ Int+3} (You found
                  | it on level 6 of the Dungeon)
  5521 | D:6      | Found a bloodstained altar of Trog.
  5663 | D:6      | Reached XP level 9. HP: 62/74 MP: 15/20
  5691 | D:6      | Found a staircase to the Ecumenical Temple.
  6068 | D:6      | Found a bloodstained altar of Trog.
  6348 | D:7      | Reached skill level 9 in Earth Magic
  6523 | D:7      | Found Kuamahia's Antique Weapon Boutique.
  6825 | D:7      | Found a glowing silver altar of Zin.
  7297 | D:8      | Noticed a two-headed ogre
  7306 | D:8      | Killed a two-headed ogre
  7309 | D:8      | Reached skill level 10 in Earth Magic
  7390 | D:8      | Found a hide-covered altar of Uskayaw.
  7446 | D:8      | Found a flagged portal.
  7455 | Bailey   | Entered a bailey
  7510 | Bailey   | Noticed an orc knight
  7521 | Bailey   | HP: 3/78 [orc knight/+0 war axe (26)]
  7535 | Bailey   | Killed an orc knight
  7535 | Bailey   | Reached XP level 10. HP: 18/84 MP: 0/23
  7837 | Bailey   | Found an iron altar of Okawaru.
  7844 | Bailey   | Noticed a sun demon
  7908 | Bailey   | Noticed an orc knight
  7933 | Bailey   | Killed an orc knight
  8597 | Bailey   | Noticed an orc knight
  8622 | Bailey   | Killed an orc knight
  8767 | Bailey   | Reached skill level 11 in Earth Magic
  8786 | Bailey   | Gained mutation: Your body sometimes deteriorates upon
                  | taking damage. [potion of mutation]
  8786 | Bailey   | Gained mutation: You have a pair of small horns on your
                  | head. [potion of mutation]
  8786 | Bailey   | Gained mutation: You have sharp toenails. [potion of
                  | mutation]
  9361 | D:8      | Identified the +1 chain mail of a Gauntlet {rElec}
  9405 | D:8      | Found a staircase to the Lair.
 10069 | D:9      | Found a radiant altar of Vehumet.
 10180 | D:9      | Found a blossoming altar of Fedhas.
 10696 | D:10     | Entered Level 10 of the Dungeon
 11698 | D:11     | Noticed a two-headed ogre
 11712 | D:11     | Killed a two-headed ogre
 11712 | D:11     | Reached XP level 11. HP: 84/94 MP: 4/26
 11846 | D:11     | Found a staircase to the Orcish Mines.
 12087 | D:11     | Lost mutation: You have sharp toenails. [potion of
                  | mutation]
 12087 | D:11     | Lost mutation: Your body sometimes deteriorates upon taking
                  | damage. [potion of mutation]
 12087 | D:11     | Lost mutation: You have a pair of small horns on your head.
                  | [potion of mutation]
 12087 | D:11     | Gained mutation: Your spells are a little easier to cast,
                  | but a little less powerful. [potion of mutation]
 12087 | D:11     | Gained mutation: Your muscles are strong. (Str +2) [potion
                  | of mutation]
 12178 | D:11     | Noticed an unseen horror
 12181 | D:11     | Killed an unseen horror
 12181 | D:11     | Reached skill level 12 in Earth Magic
 12967 | D:12     | Noticed a four-headed hydra
 12967 | D:12     | Noticed a four-headed hydra
 12980 | D:12     | Killed a four-headed hydra
 12980 | D:12     | Killed a four-headed hydra
 13045 | D:12     | Found a portal to a secret trove of treasure.
 13071 | D:12     | Noticed a two-headed ogre
 13081 | D:12     | Killed a two-headed ogre
 13419 | D:12     | Noticed Sonja
 13428 | D:12     | Killed Sonja
 13620 | D:12     | Noticed a phantasmal warrior
 13622 | D:12     | Found the +5 demon whip "Spellbinder" {antimagic, MR+}
 13684 | D:12     | Reached skill level 5 in Dodging
 13684 | D:12     | Reached skill level 13 in Earth Magic
 13780 | D:12     | Noticed an unseen horror
 13803 | D:12     | Killed an unseen horror
 13826 | D:12     | Noticed an unseen horror
 13830 | D:12     | Killed an unseen horror
 13830 | D:12     | Reached XP level 12. HP: 101/101 MP: 21/29
 13886 | D:12     | Noticed an eight-headed hydra
 13899 | D:12     | Killed an eight-headed hydra
 13952 | D:12     | Got a scorched long sword
 13984 | D:12     | Identified the cursed +1 long sword "Earthworm" {venom,
                  | rF+} (You found it on level 12 of the Dungeon)
 14539 | D:13     | Found a hide-covered altar of Uskayaw.
 14547 | D:13     | Noticed Nessos
 14556 | D:13     | Killed Nessos
 14733 | D:13     | Noticed a centaur warrior
 14738 | D:13     | a centaur warrior changed into a merfolk
 14822 | D:13     | Noticed a seven-headed hydra
 14828 | D:13     | Killed a seven-headed hydra
 15104 | D:13     | Reached skill level 14 in Earth Magic
 15159 | D:13     | Noticed Snorg
 15175 | D:13     | Killed Snorg
 15186 | D:13     | Noticed Urug
 15319 | D:13     | Killed Urug
 15515 | D:13     | Noticed Azrael
 15534 | D:13     | Killed Azrael
 15615 | D:13     | Found Rampaged's Magic Scroll Boutique.
 15624 | D:13     | Bought a scroll of teleportation for 39 gold pieces
 15624 | D:13     | Bought a scroll of magic mapping for 45 gold pieces
 15624 | D:13     | Bought a scroll of identify for 26 gold pieces
 15624 | D:13     | Bought a scroll of identify for 26 gold pieces
 15624 | D:13     | Bought a scroll of fear for 45 gold pieces
 15624 | D:13     | Bought a scroll of fear for 45 gold pieces
 15624 | D:13     | Bought a scroll of identify for 26 gold pieces
 15624 | D:13     | Bought a scroll of remove curse for 39 gold pieces
 15624 | D:13     | Bought a scroll of vulnerability for 97 gold pieces
 16050 | D:13     | Found a gate to the Vaults.
 16056 | D:13     | Noticed a centaur warrior
 16060 | D:13     | Killed a centaur warrior
 16127 | D:13     | Reached XP level 13. HP: 95/107 MP: 2/31
 16533 | D:14     | Reached skill level 10 in Spellcasting
 16552 | D:15     | Entered Level 15 of the Dungeon
 16877 | D:15     | Noticed Jorgrun
 16893 | D:15     | Killed Jorgrun
 16912 | D:15     | Reached skill level 15 in Earth Magic
 17189 | D:15     | Got a transparent hunting sling
 17190 | D:15     | Identified the +7 hunting sling "Pilot" {flame, rPois
                  | Dex+5} (You found it on level 15 of the Dungeon)
 17568 | D:15     | Found a staircase to the Depths.
 19478 | D:14     | HP: 5/160 [deep troll earth mage/blast of rock fragments
                  | (30)]
 19479 | D:14     | Mangled by a deep troll earth mage

Levels and vault maps discovered:
D:1:      dpeg_arrival_stone_temple_mockup, layout_basic,
          minmay_misc_feat_hallway, minivault_19
D:2:      layout_rooms, chequers_big_river, uniq_sigmund
D:3:      layout_rooms, okawaru_altar_gauntlet_db, first_ration
D:4:      layout_cave_pools, elyvilon_altar_4, uniq_pikel
D:5:      layout_gridville, minitemple, nicolae_ossuary_entry_false_entrances,
          portal_sewer_entry_b, minmay_strange_pillars, hangedman_glass_teeth,
          hangedman_decor_clover_reticule, minmay_misc_feat_columns
D:6:      layout_cave_pools, trog_ov_bears_minmay,
          minmay_temple_entry_enclosed_plants, serial_bayou,
          serial_bayou_crossing, serial_bayou_shore_b, serial_bayou_ford_a,
          serial_bayou_pond_b, serial_bayou_pond_d, serial_bayou_shore_b,
          kennysheep_flooded_box
D:7:      layout_basic, zin_treasury, serial_shops, shop
D:8:      layout_basic, eat_drink_and_be_merry_uskayaw, lair_entry_dummy,
          enter_bailey_2
D:9:      layout_small_grid, lemuel_round_altar, grunt_pizzeria,
          fedhas_bush_and_centaur_altar
D:10:     layout_basic, serial_bayou_lagoon_a
D:11:     layout_long_grid, david_orc_3, minmay_misc_feat_more_columns
D:12:     layout_long_grid, enter_trove_2, minmay_evil_grid, uniq_sonja
D:13:     layout_gridville, david_vaults_1, serial_shops, shop, basic_altar,
          kennysheep_boxes, uniq_snorg, uniq_urug, uniq_azrael, uniq_nessos
D:14:     thingy_vault, layout_loops_ring, minmay_hedge_maze,
          minmay_misc_feat_tiny
D:15:     gammafunk_enter_depths_forms, layout_basic, minmay_misc_feat_room,
          uniq_jorgrun

Skill      XL: |  1  2  3  4  5  6  7  8  9 10 11 12 13 |
---------------+----------------------------------------+-----
Earth Magic    | 3 4 6 7 8 10 11 13 14 15 | 15.8
Spellcasting   | 2 3 4 5 6 7 8 9 10 | 10.8
Fighting       | 1 2 3 4 5 6 7 |  7.8
Dodging        | 2 5 7 8 |  8.9
Stealth        | |  1.7
Transmutations | |  0.8

Action                   |  1- 3 |  4- 6 |  7- 9 | 10-12 | 13-15 || total
-------------------------+-------+-------+-------+-------+-------++-------
Melee: Mace              |    56 |    27 |       |       |       ||    83
       Unarmed           |     2 |       |       |       |       ||     2
       Dagger            |       |    85 |   235 |   371 |       ||   691
       Headbutt          |       |       |       |    32 |       ||    32
       Long sword        |       |       |       |    63 |    39 ||   102
Throw: Stone             |       |       |     1 |     2 |       ||     3
 Cast: Sandblast         |    27 |    62 |   119 |   106 |    81 ||   395
       Stone Arrow       |       |       |    14 |    71 |    23 ||   108
       Lee's Rapid Decon |       |       |    19 |    90 |    52 ||   161
       Petrify           |       |       |       |    16 |     3 ||    19
 Abil: Evoke Flight      |       |       |       |     1 |       ||     1
Evoke: Wand              |       |       |    20 |     7 |    11 ||    38
       Sack of spiders   |       |       |       |       |     1 ||     1
  Use: Potion            |     1 |     1 |     2 |    10 |     4 ||    18
       Scroll            |       |       |    12 |    24 |     5 ||    41
 Stab: Sleeping          |     5 |       |     4 |     1 |       ||    10
       Petrified         |       |       |       |    22 |       ||    22
       Distracted        |       |       |       |     1 |       ||     1
       Paralysed         |       |       |       |       |     4 ||     4
  Eat: Chunk             |     2 |     7 |    15 |    19 |     4 ||    47
       Ration            |       |       |     1 |     7 |     3 ||    11
Armor: Robe              |    18 |    29 |    45 |       |       ||    92
       Skin              |     4 |     1 |       |    14 |       ||    19
       Leather armour    |       |       |    63 |    85 |       ||   148
       Troll leather arm |       |       |       |    84 |    23 ||   107
Dodge: Dodged            |    58 |    91 |   229 |   362 |    99 ||   839
       Rpst.: Long sword |       |       |       |    23 |    24 ||    47

Table legend:
 A = Non-vault XP
 B = Vault XP
 C = Vault XP percentage of total XP
 D = Non-vault monster count
 E = Vault monster count
 F = Vault count percentage of total count
                 A         B        C        D         E       F
            +---------+---------+-------+---------+---------+-------
      Total |   41513 |   32629 |  44.0 |     353 |     146 |  29.3
            +---------+---------+-------+---------+---------+-------
        D:1 |      30 |       0 |   0.0 |      16 |       0 |   0.0
        D:2 |      75 |     208 |  73.5 |      18 |       1 |   5.3
        D:3 |     120 |      21 |  14.9 |      31 |       6 |  16.2
        D:4 |     248 |     617 |  71.3 |      13 |       1 |   7.1
        D:5 |     750 |      27 |   3.5 |      25 |       8 |  24.2
        D:6 |    1158 |     357 |  23.6 |      29 |       6 |  17.1
        D:7 |    1094 |       0 |   0.0 |      24 |       0 |   0.0
        D:8 |    1948 |       0 |   0.0 |      29 |       0 |   0.0
        D:9 |     739 |     242 |  24.7 |      15 |       2 |  11.8
       D:10 |     809 |       0 |   0.0 |      21 |       0 |   0.0
       D:11 |    4301 |     269 |   5.9 |      24 |       4 |  14.3
       D:12 |    7383 |    5595 |  43.1 |      37 |      10 |  21.3
       D:13 |    6797 |    8554 |  55.7 |      21 |      17 |  44.7
       D:14 |    7421 |    6256 |  45.7 |      28 |      15 |  34.9
       D:15 |    8640 |    6580 |  43.2 |      22 |       8 |  26.7
      Sewer |       0 |     119 | 100.0 |       0 |       9 | 100.0
    Ossuary |       0 |     166 | 100.0 |       0 |      16 | 100.0
     Bailey |       0 |    3618 | 100.0 |       0 |      43 | 100.0
            +---------+---------+-------+---------+---------+-------
